 Dungeon Crawl Stone Soup version 0.27-a0-1548-gf8a67e7463 (webtiles) character file.

Game seed: 1484568390447949954

4290 Hasart the Covert (level 10, -3/68 HPs)
             Began as an Octopode Brigand on July 13, 2021.
             Was an Initiate of Gozag.
             Slain by an orc warrior (13 damage)
             ... on level 8 of the Dungeon.
             The game lasted 00:16:45 (9305 turns).

Hasart the Covert (Octopode Brigand)                Turns: 9305, Time: 00:16:46

Health: -3/68      AC:  1    Str: 14    XL:     10   Next: 32%
Magic:  10/10      EV: 19    Int: 14    God:    Gozag
Gold:   675        SH:  0    Dex: 13    Spells: 9/9 levels left

rFire    . . .     SeeInvis .   v - +3 rapier (freeze)
rCold    . . .     Faith    .   (no shield)
rNeg     . . .     Spirit   .   (helmet restricted)
rPois    +         Reflect  .   (no amulet)
rElec    .         Harm     .   f - +4 ring of evasion
rCorr    .         Rampage  .   B - ring of poison resistance
Will     .....                  (no ring)
Stlth    +++++.....             (no ring)
HPRegen  0.21/turn              (no ring)
MPRegen  0.12/turn              (no ring)
                                (no ring)
                                (no ring)

@: no status effects
A: almost no armour, amphibious, 8 rings, camouflage 1, gelatinous body 1,
(nimble swimmer 1), tentacles
a: Renounce Religion, Potion Petition, Call Merchant, Bribe Branch


You were on level 8 of the Dungeon.
You worshipped Gozag.
Gozag was pleased with you.
You visited 2 branches of the dungeon, and saw 9 of its levels.

You collected 744 gold pieces.
You paid 69 gold pieces to Gozag.

Inventory:

Hand Weapons
 v - a +3 rapier of freezing (weapon)
 C - the +8 spear "Beastslayer" {venom, Int-3 Dex+3}
   (You found it on level 7 of the Dungeon)

   It poisons the flesh of those it strikes.
   Int:       It affects your intelligence (-3).
   Dex:       It affects your dexterity (+3).
Missiles
 b - 47 poisoned darts (quivered)
 c - 2 curare-tipped darts
 w - 5 throwing nets
Jewellery
 e - a ring of wizardry
 f - a +4 ring of evasion (left tentacle)
 i - a +6 ring of intelligence
 B - a ring of poison resistance (right tentacle)
 D - a +4 ring of evasion
Wands
 h - a wand of charming (10)
 s - a wand of iceblast (1)
Scrolls
 a - 2 scrolls of fear
 d - 2 scrolls of amnesia
 m - 2 scrolls of enchant armour
 o - 2 scrolls of teleportation
 q - 2 scrolls of fog
 t - a scroll of identify
 u - a scroll of vulnerability
 y - 2 scrolls of enchant weapon
Potions
 g - 2 potions of heal wounds
 j - 2 potions of haste {unknown}
 l - a potion of flight {unknown}
 n - a potion of resistance {unknown}
 p - 2 potions of brilliance {unknown}
 r - 2 potions of mutation {unknown}
 x - 2 potions of curing {unknown}
 z - a potion of berserk rage {unknown}
 A - a potion of degeneration {unknown}
 E - a potion of ambrosia {unknown}


   Skills:
 + Level 6.0 Fighting
 * Level 8.3 Short Blades
 + Level 5.9 Throwing
 + Level 5.5 Dodging
 + Level 9.6 Stealth
 + Level 5.1 Evocations


You had 9 spell levels left.
You didn't know any spells.
Your spell library was empty.

Dungeon Overview and Level Annotations

Branches:
Dungeon (8/15)             Temple (1/1) D:5
   Lair: D:8-11

Altars:
Ashenzari
Cheibriados
Dithmenos
Fedhas
Gozag
Hepliaklqana
Kikubaaqudgha
Nemelex Xobeh
Okawaru
Qazlal
Ru
Uskayaw
Vehumet
Wu Jian
Xom
Yredelemnul
The Shining One

Shops:
D:1 (   D:7 *

Annotations:
D:5 3 runed translucent doors, s0lipsistnati0n's ghost, amateur DjFE


Innate Abilities, Weirdness & Mutations

You cannot wear most types of armour.
You are amphibious.
You can wear up to eight rings at the same time.
Your skin changes colour to match your surroundings (Stealth+).
Your rubbery body absorbs attacks. (AC +1, EV +1)
((You are camouflaged near water. (Stealth+)))
You have tentacles for arms and can constrict up to eight enemies at once.


Message History

An orc warrior comes into view. It is wielding a +0 trident.
The steam dragon breathes steam at you. The ball of steam hits you!
You hear a shout!
You hear an angry buzzing noise. 2 orcs come into view.
Found 18 gold pieces.
Found a radiant altar of Vehumet.
The steam dragon breathes steam at you. The ball of steam hits you!!
You hear an angry buzzing noise. x4
You see here a coppery potion.
The orc shouts!
You hit the steam dragon but do no damage.
You are engulfed in a cloud of scalding steam.
The steam dragon barely misses you. The steam dragon completely misses you.
You hit the steam dragon but do no damage.
Your squeeze misses the steam dragon. The steam dragon closely misses you.
The steam dragon claws you. The steam dragon breathes steam at you.
The ball of steam misses you.
You hear an angry buzzing noise.
You hear an angry hiss.
You hit the steam dragon but do no damage.
The steam dragon closely misses you. The steam dragon completely misses you.
You hit the steam dragon. You freeze the steam dragon.
You squeeze the steam dragon!
The steam dragon is moderately wounded.
The orc warrior misses you.
You puncture the steam dragon! You freeze the steam dragon.
Your squeeze misses the steam dragon.
The steam dragon is severely wounded.
The steam dragon bites you.
* * * LOW HITPOINT WARNING * * *
The steam dragon completely misses you. The orc warrior misses you.
You hit the steam dragon. You freeze the steam dragon.
The steam dragon is almost dead.
The steam dragon bites you!
* * * LOW HITPOINT WARNING * * *
The steam dragon closely misses you.
The orc warrior hits you from afar with a +0 trident!
You die...
Your body crumbles into a pile of gold.

##.##.# ## ..##.
......# . ##.##....
......# _o#...8...
###...# .o#......#
......# ..#......
.##...# #...8.# ###.#
##o####.# +####.#
##.D.....#
....<.+#######..@####.#
..###............#
#........#+#.#
#............#
#............#
#####........#
#.........# #.........#
#.........#


You could see a steam dragon (catching breath) and an orc warrior.

Vanquished Creatures
  Harold (D:7)
  A hornet (D:7)
  Sigmund (D:5)
  A wyvern (D:8)
  Edmund (D:5)
  Menkaure (D:7)
  5 water moccasins
  Duvessa (D:5)
  An ice beast (D:6)
  2 orc warriors
  3 black bears
  3 centaurs
  3 scorpions
  3 bullfrogs
  A wyvern zombie (D:7)
  Dowan (D:5)
  A water moccasin skeleton (D:6)
  A howler monkey (D:6)
  2 centaur zombies
  2 hounds (D:5)
  4 jellies
  3 orc priests
  2 bullfrog skeletons
  2 gnoll shamans
  3 iguanas
  2 orc wizards
  A hound zombie (D:5)
  A howler monkey zombie (D:3)
  8 gnolls
  7 adders
  A worm (D:3)
  9 dart slugs
  20 orcs
  7 bats
  7 endoplasms
  4 giant cockroaches
  6 goblins
  9 hobgoblins
  10 jackals
  A quokka (D:2)
  2 ball pythons (D:2)
  2 frilled lizards
  12 kobolds
  8 rats
166 creatures vanquished.

Vanquished Creatures (others)
  5 dream sheep (D:7)
5 creatures vanquished.

Grand Total: 171 creatures vanquished

Notes
Turn   | Place    | Note
-------+----------+-------------------------------------------
     0 | D:1      | Hasart the Octopode Brigand began the quest for the Orb.
     0 | D:1      | Reached XP level 1. HP: 14/14 MP: 1/1
   131 | D:1      | Reached XP level 2. HP: 19/19 MP: 2/2
   405 | D:1      | Found Nion's Weapon Shoppe.
   422 | D:1      | Found a faded altar of an unknown god.
   556 | D:1      | Reached XP level 3. HP: 24/24 MP: 3/3
  1219 | D:2      | Reached XP level 4. HP: 30/30 MP: 4/4
  1283 | D:2      | Found a sparkling altar of Nemelex Xobeh.
  2052 | D:3      | Reached skill level 6 in Stealth
  2162 | D:3      | Reached XP level 5. HP: 31/35 MP: 5/5
  2747 | D:3      | Found a snail-covered altar of Cheibriados.
  2892 | D:4      | Noticed a water moccasin
  2901 | D:4      | Killed a water moccasin
  2902 | D:4      | Reached XP level 6. HP: 22/42 MP: 6/6
  3108 | D:4      | Found a blossoming altar of Fedhas.
  3274 | D:4      | Found an ornate altar of the Wu Jian Council.
  3280 | D:4      | Noticed a spectral centipede
  3280 | D:4      | Noticed a spectral black mamba
  3280 | D:4      | Noticed a spectral cane toad
  3368 | D:4      | Reached XP level 7. HP: 37/46 MP: 7/7
  3562 | D:4      | Found a stormy altar of Qazlal.
  3693 | D:5      | Entered Level 5 of the Dungeon
  3709 | D:5      | Noticed Edmund
  3747 | D:5      | Noticed Sigmund
  3758 | D:5      | Killed Sigmund
  3759 | D:5      | Reached skill level 7 in Stealth
  3759 | D:5      | Reached skill level 1 in Evocations
  3766 | D:5      | Killed Edmund
  3767 | D:5      | Reached skill level 5 in Short Blades
  4333 | D:5      | Reached XP level 8. HP: 43/54 MP: 8/8
  4394 | D:5      | Noticed Duvessa
  4396 | D:5      | Noticed Dowan
  4403 | D:5      | Killed Duvessa
  4420 | D:5      | Killed Dowan
  4816 | D:5      | Found a runed translucent gate.
  4816 | D:5      | Found a runed translucent gate.
  5025 | D:5      | Found a staircase to the Ecumenical Temple.
  5035 | Temple   | Entered the Ecumenical Temple
  5065 | Temple   | Became a worshipper of Gozag Ym Sagoz the Greedy
  5257 | D:5      | Found a runed translucent gate.
  5258 | D:5      | Noticed s0lipsistnati0n's ghost (amateur DjFE)
  6142 | D:6      | Reached skill level 8 in Stealth
  6145 | D:6      | Found a hide-covered altar of Uskayaw.
  6276 | D:6      | Reached XP level 9. HP: 59/59 MP: 9/9
  6562 | D:6      | Reached skill level 5 in Fighting
  6832 | D:6      | Identified the +2 dagger "Udulaesma" {speed, Dex+3}
  7137 | D:6      | Found a hazy altar of Hepliaklqana.
  7576 | D:7      | Reached skill level 5 in Throwing
  8073 | D:7      | Noticed Harold
  8084 | D:7      | Killed Harold
  8085 | D:7      | Reached skill level 5 in Dodging
  8085 | D:7      | Reached skill level 9 in Stealth
  8328 | D:7      | Identified the +8 spear "Beastslayer" {venom, Int-3 Dex+3}
  8419 | D:7      | Reached XP level 10. HP: 53/68 MP: 10/10
  8617 | D:7      | Found a shadowy altar of Dithmenos.
  8710 | D:7      | Found Yjuces's General Store.
  8726 | D:7      | Reached skill level 5 in Evocations
  8814 | D:7      | Found a shimmering altar of Xom.
  8823 | D:7      | Noticed Menkaure
  8832 | D:7      | Killed Menkaure
  9296 | D:8      | Found a radiant altar of Vehumet.
  9305 | D:8      | Slain by an orc warrior

Illustrated notes

Levels and vault maps discovered:
D:1:      ncdulo_smallfort, layout_loops_cross, serial_shops,
          nicolae_shop_behind_doors, shapermc_ecumenical_altar_ellora,
          hangedman_abyss_or_decor_stabs, hangedman_decor_clover_reticule,
          st_stairs_4
D:2:      minmay_razor_zed, layout_rooms, basic_altar
D:3:      kennysheep_slugbush, layout_loops_ring, chei_slow_surprise
D:4:      layout_cave_pools, grunt_qazlal_clouds, fedhas_ov_isle_minmay,
          pdpol_wu_jian_five_deadly_venoms
D:5:      layout_layer_cave, minmay_temple_entry_glassed_door,
          gammafunk_ghost_split, uniq_sigmund, uniq_duvessa, uniq_edmund
D:6:      layout_loops_corners, general_overflow_altar,
          mainiacjoe_overflow_brackets, hangedman_minor_gate_pass
D:7:      layout_cave_pools, mainiacjoe_overflow_tiny_flanked,
          kb_xom_exploding_sheep, serial_shops, nicolae_diamond_shop,
          hex_medium, uniq_harold, uniq_menkaure
D:8:      minmay_cornered_nines, layout_basic, jmf_multi_god_temple,
          serial_shops, kennysheep_mini, nicolae_take_the_stairs
Temple:   compressed_dpeg_triangle_lava_temple

Skill      XL: |  1  2  3  4  5  6  7  8  9 10 |
---------------+-------------------------------+-----
Short Blades   | 3 4 5 6 7 8 |  8.3
Stealth        | 6 7 8 9 |  9.6
Dodging        | 2 3 4 5 |  5.5
Fighting       | 3 4 5 6 |  6.0
Throwing       | 3 4 5 |  5.9
Evocations     | 1 3 4 5 |  5.1

Action                   |  1- 3 |  4- 6 |  7- 9 | 10-12 || total
-------------------------+-------+-------+-------+-------++-------
Melee: Dagger            |    76 |   100 |     5 |       ||   181
       Constrict         |    17 |    18 |    38 |     4 ||    77
       Tentacles         |    10 |    17 |    44 |    10 ||    81
       Rapier            |       |       |   160 |    43 ||   203
Throw: Dart              |       |       |    57 |     6 ||    63
Evoke: Wand              |       |       |     7 |     1 ||     8
  Use: Scroll            |       |     5 |     4 |     7 ||    16
 Stab: Sleeping          |     9 |    21 |     7 |     4 ||    41
       Distracted        |     3 |     1 |     1 |       ||     5
Armor: Skin              |     6 |     7 |     4 |       ||    17
Dodge: Dodged            |    39 |    45 |   130 |    30 ||   244

Table legend: (Time is in decaauts)
 A = Elapsed time spent in this place.
 B = Non-inter-level travel time spent in this place.
 C = Inter-level travel time spent in this place.
 D = Time resting spent in this place.
 E = Time spent auto-exploring this place.
 F = Levels seen in this place.
 G = Mean time per level.
                   A        B        C        D        E       F      G
               +--------+--------+--------+--------+--------+-----+--------+
         Total |   9237 |   9028 |    209 |   1205 |   6443 |   9 | 1026.3 |
       Dungeon |   9195 |   8997 |    198 |   1205 |   6421 |   8 | 1149.4 |
        Temple |     41 |     30 |     11 |      0 |     22 |   1 |   41.0 |
               +--------+--------+--------+--------+--------+-----+--------+

Top non-repeatable levels by time:
     D:6: 2060 daAuts
     D:5: 1702 daAuts
     D:7: 1408 daAuts
     D:3: 1169 daAuts
     D:1: 1014 daAuts
     D:4: 900 daAuts
     D:2: 862 daAuts
     D:8: 76 daAuts
  Temple: 41 daAuts
